 Dungeon Crawl Stone Soup version 0.24-a0-619-gb7544fd237 (webtiles) character file.

Game seed: 8179768121269189896, levelgen mode: deterministic

12896 Jorund the Cleaver (level 12, -12/97 HPs)
             Began as a Formicid Fighter on Sept 18, 2019.
             Was a High Priest of Uskayaw.
             Mangled by a spiny frog (18 damage)
             ... on level 1 of the Lair of Beasts.
             The game lasted 00:19:55 (9631 turns).

Jorund the Cleaver (Formicid Fighter)               Turns: 9631, Time: 00:19:57

Health: -12/97     AC: 13    Str: 26    XL:     12   Next: 25%
Magic:  21/21      EV: 10    Int:  8    God:    Uskayaw [*****.]
Gold:   675        SH:  4    Dex: 10    Spells: 11/11 levels left

rFire    + . .     SeeInvis +   a - +1 war axe
rCold    . . .     Gourm    .   (no shield)
rNeg     . . .     Faith    .   C - +4 ring mail "Nekiocs" {Regen+}
rPois    .         Spirit   .   (helmet unavailable)
rElec    .         Reflect  +   s - +0 cloak
rCorr    .         Harm     .   e - +0 pair of gloves
MR       +....                  (no boots)
Stlth    ..........             l - +4 amulet of reflection
HPRegen  0.66/turn              o - ring of magical power
MPRegen  0.17/turn              F - ring of flight

@: lethally poisoned (-12 -> -14)
A: permanent stasis, dig shafts and tunnels, four strong arms, antennae 3, claws
1, talons 1, fire resistance 1, MP-powered wands
a: Dig, Shaft Self, Stomp, Line Pass, Grand Finale, Renounce Religion, Evoke
Flight


You were on level 1 of the Lair of Beasts.
You worshipped Uskayaw.
Uskayaw was noncommittal.
You were not hungry.

You visited 2 branches of the dungeon, and saw 14 of its levels.
You also visited: Ossuary.

You collected 675 gold pieces.

Inventory:

Hand Weapons
 a - a +1 war axe (weapon)
Missiles
 h - 44 poisoned darts (quivered)
 w - a throwing net
 x - 51 bolts
Armour
 b - a +1 scale mail
 c - a +0 shield
 e - a +0 pair of gloves (worn)
 s - a +0 cloak (worn)
 C - the +4 ring mail "Nekiocs" (worn) {Regen+}
   (You found it on level 8 of the Dungeon)

   It increases your rate of regeneration.
 J - a +0 buckler
Jewellery
 l - a +4 amulet of reflection (around neck)
 o - a ring of magical power (left hand)
 q - an uncursed ring of ice
 F - a ring of flight (right hand)
Wands
 p - a wand of polymorph (2)
 u - a wand of scattershot (1)
 v - a wand of random effects (13)
 B - a wand of acid (11)
 G - a wand of paralysis (14)
Scrolls
 m - 6 scrolls of remove curse
 n - 2 scrolls of enchant armour
 y - 2 scrolls of fear
 D - 2 scrolls of enchant weapon
 H - 3 scrolls of identify
 I - a scroll of holy word {unknown}
 K - a scroll of brand weapon {unknown}
Potions
 d - 2 potions of magic
 g - 3 potions of haste
 i - 4 potions of curing
 j - 6 potions of flight
 k - 3 potions of lignification
 r - a potion of brilliance
 t - a potion of resistance
 z - 2 potions of mutation
 E - a potion of berserk rage {unknown}
Comestibles
 f - 19 rations
 A - 4 chunks of flesh


   Skills:
 + Level 10.1 Fighting
 + Level 14.3 Axes
 + Level 9.0 Armour
 * Level 4.1 Shields
 + Level 0.6 Evocations


You had 11 spell levels left.
You didn't know any spells.
Your spell library was empty.

Dungeon Overview and Level Annotations

Branches:
Dungeon (13/15)            Temple (0/1) D:6            Lair (1/6) D:9
    Orc (0/2) D:10        Ossuary (visited)
 Vaults: D:13-14

Altars:
Ashenzari
Elyvilon
Hepliaklqana
Makhleb
Nemelex Xobeh
Okawaru
Ru
Sif Muna
Trog
Uskayaw
Vehumet
Wu Jian
Xom
Yredelemnul

Shops:
D:4 =   D:8 (


Innate Abilities, Weirdness & Mutations

You cannot be hasted, slowed, berserked, paralysed or teleported.
You can dig through walls and to a lower floor.
Your four strong arms can wield two-handed weapons with a shield.
You have a pair of large antennae on your head. (SInv)
You have sharp fingernails.
You have sharp toenails.
Your flesh is heat resistant. (rF+)
You expend magic power (3 MP) to strengthen your wands.


Message History

The dream sheep bites you.
* * * LOW HITPOINT WARNING * * *
The spiny frog stings you.
* * * LOW HITPOINT WARNING * * *
The dream sheep bites you but does no damage.
The dream sheep closely misses you.
Uskayaw prepares the audience for your solo!
The helpless spiny frog fails to defend itself.
You slash the spiny frog! You claw the spiny frog.
The spiny frog is heavily wounded.
The helpless dream sheep fails to defend itself.
You slash the dream sheep!
The helpless dream sheep fails to defend itself.
You slash the dream sheep!
The helpless dream sheep fails to defend itself.
You hit the dream sheep.
You kill the dream sheep!
You feel sick.
The spiny frog is no longer paralysed.
The dream sheep is no longer paralysed. x2; The spiny frog stings you!!
You die...

......?.. #.......#
.. ≈≈ #.......# ...
#≈≈#.......# #...
..#≈≈#.......##..(.
...≈≈..............
....≈≈.....YF.......
....≈≈......@Y....#
....≈≈...)..†##...#
.≈≈.≈≈...<..## .#
....≈≈......#
..≈.≈≈≈≈....#
....≈≈.≈.÷†.##
.≈..≈≈≈......#
....≈≈.≈.....#
.≈..≈≈≈....(##


You could see a spiny frog and 2 dream sheep.

Vanquished Creatures
  Harold (D:7)
  2 hydras
  Erica (D:10)
  Pikel (D:5)
  Psyche (D:9)
  A komodo dragon (Lair:1)
  Grinder (D:6)
  Prince Ribbit (D:7)
  4 dream sheep (Lair:1)
  A hippogriff (D:8)
  Sigmund (D:5)
  2 shadows (D:12)
  Eustachio (D:6)
  A wraith (D:9)
  A wyvern (D:10)
  14 yaks
  A human (D:7)
  2 hogs (D:7)
  Grum (D:9)
  A steam dragon (D:9)
  A hungry ghost (D:9)
  Duvessa (D:5)
  3 orc warriors (D:10)
  A black bear (D:6)
  An eye of draining (D:9)
  2 phantoms
  A sky beast (D:9)
  2 slaves (D:5)
  6 ogres
  A centaur (D:5)
  4 wolves (D:9)
  A crocodile (D:10)
  2 bullfrogs
  A wyvern zombie (D:9)
  Dowan (D:5)
  2 wyvern skeletons
  3 scorpions
  4 killer bees (D:9)
  A water moccasin skeleton (D:4)
  5 crimson imps
  3 howler monkeys
  A centaur zombie (Ossuary)
  3 quasits
  2 bullfrog zombies
  2 hounds
  A human zombie (Ossuary)
  6 orc priests
  2 bullfrog skeletons
  2 centaur skeletons
  An iron imp (D:2)
  An iguana (D:4)
  6 orc wizards
  6 worker ants
  3 big kobold zombies (Ossuary)
  A hound skeleton (D:6)
  4 mummies (Ossuary)
  5 gnolls
  A howler monkey skeleton (D:5)
  12 adders
  A shadow imp (D:6)
  2 oozes
  An adder zombie (D:8)
  An adder skeleton (D:6)
  2 worms
  A dart slug (D:1)
  4 leopard geckos
  29 orcs
  7 giant cockroaches
  8 goblins
  9 hobgoblins
  9 jackals
  6 kobolds
  A quokka (D:2)
  3 ball pythons
  7 bats
  3 frilled lizards (D:2)
  A gnoll zombie (Ossuary)
  2 hobgoblin zombies (Ossuary)
  A leopard gecko skeleton (D:9)
  A quokka skeleton (D:5)
  9 rats
252 creatures vanquished.

Vanquished Creatures (others)
  A yak (D:10)
1 creature vanquished.

Grand Total: 253 creatures vanquished

Notes
Turn   | Place    | Note
-------+----------+-------------------------------------------
     0 | D:1      | Jorund the Formicid Fighter began the quest for the Orb.
     0 | D:1      | Reached XP level 1. HP: 18/18 MP: 1/1
    66 | D:1      | Reached XP level 2. HP: 13/24 MP: 2/2
   482 | D:1      | Reached XP level 3. HP: 22/30 MP: 3/3
  1153 | D:2      | Reached XP level 4. HP: 16/37 MP: 4/4
  1321 | D:2      | Reached skill level 3 in Axes
  1508 | D:2      | Found a burning altar of Makhleb.
  1640 | D:2      | Noticed an ogre
  1654 | D:2      | Killed an ogre
  1654 | D:2      | Reached XP level 5. HP: 11/42 MP: 5/5
  1903 | D:2      | Found a burning altar of Makhleb.
  1906 | D:2      | Reached skill level 4 in Axes
  2009 | D:3      | Reached XP level 6. HP: 32/48 MP: 6/6
  2347 | D:3      | Found a sacrificial altar of Ru.
  2347 | D:3      | Found a sparkling altar of Nemelex Xobeh.
  2348 | D:3      | Found a shimmering blue altar of Sif Muna.
  2465 | D:3      | Found a hazy altar of Hepliaklqana.
  2500 | D:3      | Found a hazy altar of Hepliaklqana.
  2502 | D:3      | Found a burning altar of Makhleb.
  2502 | D:3      | Found a shimmering blue altar of Sif Muna.
  2507 | D:3      | Found a shimmering altar of Xom.
  2507 | D:3      | Found a white marble altar of Elyvilon.
  2507 | D:3      | Found an iron altar of Okawaru.
  2578 | D:4      | Found Abroll's Jewellery Shop.
  2734 | D:4      | Found an iron altar of Okawaru.
  2789 | D:4      | Noticed an ogre
  2800 | D:4      | Killed an ogre
  2800 | D:4      | Reached skill level 5 in Axes
  2800 | D:4      | Reached skill level 5 in Armour
  2800 | D:4      | Reached XP level 7. HP: 55/55 MP: 7/7
  2819 | D:4      | Gained mutation: You expend magic power (3 MP) to
                  | strengthen your wands. [potion of mutation]
  2819 | D:4      | Gained mutation: Your flesh is heat resistant. (rF+)
                  | [potion of mutation]
  2819 | D:4      | Gained mutation: You have sharp toenails. [potion of
                  | mutation]
  2819 | D:4      | Gained mutation: You have sharp fingernails. [potion of
                  | mutation]
  2869 | D:4      | Found a hide-covered altar of Uskayaw.
  2885 | D:4      | Noticed a +0 hand axe
  2885 | D:4      | Noticed a +0 hand axe
  2890 | D:4      | Became a worshipper of Uskayaw the Reveler
  2937 | D:4      | Reached * piety under Uskayaw
  3014 | D:4      | Reached ** piety under Uskayaw
  3191 | D:5      | Entered Level 5 of the Dungeon
  3513 | D:5      | Reached skill level 5 in Fighting
  3513 | D:5      | Reached skill level 6 in Axes
  3581 | D:5      | Found a bloodstained altar of Trog.
  3605 | D:5      | Noticed Dowan
  3607 | D:5      | Noticed Duvessa
  3616 | D:5      | Reached *** piety under Uskayaw
  3617 | D:5      | Killed Duvessa
  3617 | D:5      | Reached XP level 8. HP: 55/62 MP: 8/8
  3621 | D:5      | Reached **** piety under Uskayaw
  3625 | D:5      | Killed Dowan
  3804 | D:5      | Found a radiant altar of Vehumet.
  3890 | D:5      | Noticed Sigmund
  3894 | D:5      | Killed Sigmund
  3894 | D:5      | Reached skill level 7 in Axes
  4099 | D:5      | Noticed Pikel
  4111 | D:5      | Killed Pikel
  4111 | D:5      | Reached skill level 8 in Axes
  4111 | D:5      | Reached XP level 9. HP: 42/69 MP: 9/9
  4457 | D:6      | Got a shimmering ring mail
  4471 | D:6      | Identified the cursed +1 ring mail of the Hall of Blades
                  | {Dex+4} (You found it on level 6 of the Dungeon)
  4544 | D:6      | Noticed Grinder
  4574 | D:6      | Killed Grinder
  4605 | D:6      | Reached skill level 9 in Axes
  4684 | D:6      | Found a sand-covered staircase.
  4691 | Ossuary  | Entered an ossuary
  4982 | D:6      | Found a shattered altar of Ashenzari.
  5231 | D:6      | Found a staircase to the Ecumenical Temple.
  5286 | D:6      | Noticed Eustachio
  5314 | D:6      | Killed Eustachio
  5435 | D:7      | Noticed Prince Ribbit
  5520 | D:7      | Noticed Harold
  5543 | D:7      | HP: 2/106 [Harold/+0 dire flail (8)]
  5549 | D:7      | HP: 4/106 [Harold/+0 dire flail (11)]
  5556 | D:7      | Killed Harold
  5556 | D:7      | Reached skill level 10 in Axes
  5556 | D:7      | Reached XP level 10. HP: 22/79 MP: 10/10
  5923 | D:7      | Killed Prince Ribbit
  5923 | D:7      | Reached skill level 11 in Axes
  6919 | D:7      | Found an ornate altar of the Wu Jian Council.
  7004 | D:8      | Got a spiked ring mail
  7016 | D:8      | Identified the +4 ring mail "Nekiocs" {Regen+} (You found
                  | it on level 8 of the Dungeon)
  7223 | D:8      | Found a basalt altar of Yredelemnul.
  7372 | D:8      | Found Kyp Kio's Weapon Boutique.
  7377 | D:8      | Found a sacrificial altar of Ru.
  7913 | D:9      | Noticed Grum
  7934 | D:9      | Reached skill level 12 in Axes
  7937 | D:9      | Killed Grum
  7954 | D:9      | Reached XP level 11. HP: 77/87 MP: 11/11
  8037 | D:9      | Reached ***** piety under Uskayaw
  8122 | D:9      | Noticed an eight-headed hydra
  8136 | D:9      | Killed an eight-headed hydra
  8162 | D:9      | Noticed Psyche
  8172 | D:9      | Killed Psyche
  8172 | D:9      | Reached skill level 13 in Axes
  8608 | D:9      | Found a staircase to the Lair.
  8800 | D:9      | You fall into a shaft and drop 3 floors!
  8849 | D:10     | Entered Level 10 of the Dungeon
  8849 | D:10     | Found a staircase to the Orcish Mines.
  9204 | D:10     | Noticed a rakshasa
  9207 | D:10     | You fall into a shaft and drop 3 floors!
  9207 | D:13     | Noticed a frost giant
  9210 | D:13     | Noticed a four-headed hydra
  9212 | D:13     | Killed a four-headed hydra
  9296 | D:12     | Noticed a manticore
  9420 | D:10     | Noticed Erica
  9430 | D:10     | Reached XP level 12. HP: 78/97 MP: 12/12
  9432 | D:10     | Killed Erica
  9432 | D:10     | Reached skill level 10 in Fighting
  9432 | D:10     | Reached skill level 14 in Axes
  9589 | Lair:1   | Entered Level 1 of the Lair of Beasts
  9631 | Lair:1   | Mangled by a spiny frog

Levels and vault maps discovered:
D:1:      denvon_arrival_planthouse, layout_loops_ring
D:2:      layout_rooms, makhleb_grotto_becter, bloody_makhleb
D:3:      layout_basic, lemuel_round_altar, gammafunk_temple_overflow_claw,
          minmay_misc_feat_square, chequers_decorated_corner,
          doesnt_xom_only_xom
D:4:      layout_basic, lemuel_coloured_pillars_altar, dancing_weapons_uskayaw,
          serial_shops, shop_fountains, first_ration, kennysheep_generic_room_3
D:5:      layout_basic, bloody_trog, vehumet_crystals, uniq_sigmund,
          uniq_duvessa, uniq_pikel
D:6:      layout_basic, lemuel_doored_altar,
          minmay_temple_entry_statues_fountains,
          lightli_ossuary_entry_decrepit_ruins, uniq_eustachio, uniq_grinder
D:7:      layout_loops_corners, nicolae_overflow_hidden_temple, grunt_livestock,
          chequers_serial_rivers_small_3, uniq_prince_ribbit1, uniq_harold
D:8:      layout_layer_cave, lemuel_round_altar, serial_shops, shop,
          basic_altar, minmay_misc_feat_doors
D:9:      layout_irregular_city, lair_entry_dummy, uniq_psyche, uniq_grum
D:10:     layout_small_grid, orc_0_dummy, uniq_erica
D:11:     layout_roguey
D:12:     layout_basic, serial_corexii_hall, chequers_hall_statues_wall_a,
          corexii_hall_statues_i, nicolae_lava_and_water
D:13:     layout_stronghold, david_vaults_2, serial_shops, shop,
          corexii_checkpoint_a, minmay_diamond_spiral
Lair:1:   layout_cave_shapes, chequers_serial_rivers_small_3

Skill      XL: |  1  2  3  4  5  6  7  8  9 10 11 12 |
---------------+-------------------------------------+-----
Armour         | 4 5 6 7 8 9 |  9.0
Fighting       | 4 5 6 7 8 9 10 | 10.1
Axes           | 3 4 5 6 8 10 12 13 14 | 14.3
Shields        | 4 |  4.1
Evocations     | |  0.6

Action                   |  1- 3 |  4- 6 |  7- 9 | 10-12 || total
-------------------------+-------+-------+-------+-------++-------
Melee: War axe           |   109 |   116 |   280 |   330 ||   835
       Kick              |       |       |    78 |    94 ||   172
Throw: Dart              |       |       |     5 |       ||     5
Invok: Line Pass         |       |       |     1 |     4 ||     5
 Abil: Shaft Self        |       |       |       |     1 ||     1
Evoke: Wand              |       |       |       |     2 ||     2
  Use: Potion            |     1 |     2 |     5 |     5 ||    13
       Scroll            |     3 |     2 |    13 |     5 ||    23
 Stab: Paralysed         |       |       |    12 |    36 ||    48
       Confused          |       |       |       |     4 ||     4
       Invisible         |       |       |       |     5 ||     5
  Eat: Chunk             |     1 |     5 |    10 |    11 ||    27
       Ration            |       |       |       |     2 ||     2
Armor: Scale mail        |    91 |    76 |    40 |       ||   207
       Skin              |       |     4 |    21 |       ||    25
       Ring mail         |       |       |    41 |   138 ||   179
Dodge: Dodged            |    67 |    66 |   104 |   142 ||   379
Block: Other             |       |     3 |    29 |    48 ||    80
       Reflection        |       |       |     1 |       ||     1

Table legend:
 A = Non-vault XP
 B = Vault XP
 C = Vault XP percentage of total XP
 D = Non-vault monster count
 E = Vault monster count
 F = Vault count percentage of total count
                 A         B        C        D         E       F
            +---------+---------+-------+---------+---------+-------
      Total |   12349 |    6074 |  33.0 |     215 |      36 |  14.3
            +---------+---------+-------+---------+---------+-------
        D:1 |      48 |       0 |   0.0 |      27 |       0 |   0.0
        D:2 |     173 |      39 |  18.4 |      26 |       1 |   3.7
        D:3 |      42 |       0 |   0.0 |      13 |       0 |   0.0
        D:4 |     304 |      15 |   4.7 |      14 |       1 |   6.7
        D:5 |     544 |    1102 |  67.0 |      17 |       4 |  19.0
        D:6 |     575 |     507 |  46.9 |      22 |       2 |   8.3
        D:7 |     314 |    2281 |  87.9 |       7 |       7 |  50.0
        D:8 |     584 |       0 |   0.0 |       9 |       0 |   0.0
        D:9 |    4645 |     963 |  17.2 |      31 |       6 |  16.2
       D:10 |    2011 |     923 |  31.5 |      31 |       1 |   3.1
       D:11 |     219 |       0 |   0.0 |       7 |       0 |   0.0
       D:12 |     450 |       0 |   0.0 |       3 |       0 |   0.0
       D:13 |     972 |       5 |   0.5 |       2 |       2 |  50.0
     Lair:1 |    1468 |       0 |   0.0 |       6 |       0 |   0.0
    Ossuary |       0 |     239 | 100.0 |       0 |      12 | 100.0
            +---------+---------+-------+---------+---------+-------
